AoeStats
← 遊戲靠賽輕鬆自在

Black Forest

509809765Analyzed
4v4 RM · 5d ago on Sep 28, 2026· 41m 30s· 8 players
Game mode
Random Map
Map size
Large (8 player)
Population
200
Speed
Normal
Resources
Standard
Victory
Conquest
Starting age
Dark Age
Ending age
Imperial Age
RankedLock teamsTeams togetherTeam positionsShared explorationLock speedFull tech treeHidden civsTurbo modeCheats
Victory
Defeat
🇲🇽 Aztecs · Mexico
970
+16
🇺🇸 Bohemians · United States
903
+19
🇺🇸 Danes · United States
895
+19
🇨🇦 Franks · Canada
875
+20
🇹🇼 Poles · Taiwan
1042
-21
🇹🇼 Goths · Taiwan
969
-52
🇨🇳 Huns · China
939
-17
🇹🇼 Britons · Taiwan
918
-17
Manchuria lmuberjack
11:40 Feudal Age
16:12 Castle Age
14:25 Double-Bit Axe
14:48 Horse Collar
15:22 Gold Mining
17:40 Wheelbarrow
21:31 Bow Saw
22:01 Heavy Plow
23:20 Loom
24:34 Gold Shaft Mining
24:51 Hand Cart
24:57 Stone Mining
28:51 Forging
28:46 Scale Barding Armor
32:10 Imperial Age
29:44 Marauders
30:15 Husbandry
30:25 Bloodlines
32:51 Iron Casting
32:37 Chain Barding Armor
33:44 Conscription
35:09 Blast Furnace
35:14 Two-Man Saw
36:24 Plate Barding Armor
35:26 Elite Tarkan
Martian
1:03 Loom
11:34 Feudal Age
12:26 Double-Bit Axe
15:27 Castle Age
13:33 Horse Collar
14:14 Gold Mining
16:58 Bow Saw
20:31 Stone Mining
20:39 Crossbowman
25:13 Wheelbarrow
26:03 Gold Shaft Mining
25:49 Padded Archer Armor
27:48 Man-at-Arms
28:13 Gambesons
28:29 Squires
28:14 Arson
28:51 Heavy Plow
29:44 Fortified Wall
29:17 Long Swordsman
32:55 Imperial Age
33:52 Two-Handed Swordsman
33:54 Pikeman
34:48 Forging
35:40 Ballistics
36:20 Chemistry
34:51 Halberdier
35:55 Conscription
36:19 Iron Casting
35:45 Scale Mail Armor
LiuDi
3:49 Loom
14:13 Feudal Age
19:24 Castle Age
17:41 Horse Collar
18:33 Double-Bit Axe
19:43 Wheelbarrow
21:26 Bloodlines
24:42 Husbandry
24:53 Scale Barding Armor
24:59 Forging
25:11 Hand Cart
26:20 Heavy Plow
26:34 Bow Saw
30:00 Chain Barding Armor
30:03 Gold Mining
33:24 Imperial Age
33:01 Szlachta Privileges
35:03 Iron Casting
35:44 Crop Rotation
35:27 Devotion
36:03 Conscription
35:23 Cavalier
36:38 Town Watch
40:19 Town Patrol
遊戲靠賽輕鬆自在
0:44 Loom
11:59 Feudal Age
16:09 Castle Age
14:32 Double-Bit Axe
14:47 Man-at-Arms
20:13 Horse Collar
20:47 Squires
22:14 Heavy Plow
23:43 Bow Saw
25:08 Wheelbarrow
24:18 Long Swordsman
25:23 Forging
26:36 Hand Cart
26:27 Scale Mail Armor
27:27 Chain Mail Armor
32:47 Imperial Age
30:16 Treadmill Crane
33:18 Iron Casting
33:07 Gold Mining
33:15 Stone Mining
34:22 Crop Rotation
34:56 Two-Man Saw
33:20 Two-Handed Swordsman
35:44 Perfusion
35:06 Champion
37:35 Chemistry
37:40 Blast Furnace
40:07 Anarchy
40:12 Pikeman
eric_the_red121
3:49 Loom
12:32 Feudal Age
13:38 Horse Collar
13:47 Double-Bit Axe
14:44 Wheelbarrow
19:05 Castle Age
19:38 Forging
19:29 Scale Mail Armor
19:21 Fletching
19:38 Scale Barding Armor
20:33 Bow Saw
20:26 Heavy Plow
20:58 Hand Cart
26:00 Ballistics
25:50 Masonry
25:12 Man-at-Arms
32:35 Imperial Age
33:15 Iron Casting
32:36 Bodkin Arrow
32:42 Padded Archer Armor
32:57 Chain Mail Armor
32:48 Scale Barding Armor
33:26 Capped Ram
35:11 Gambesons
34:48 Elite Varangian Guard
35:53 Long Swordsman
36:43 Town Watch
37:03 Pikeman
37:44 Squires
37:12 Siege Ram
38:04 Elite Jomsviking
41:59 Blast Furnace
MidnightBlue331
5:29 Loom
10:03 Feudal Age
10:48 Double-Bit Axe
16:42 Castle Age
23:34 Wheelbarrow
25:15 Scale Barding Armor
26:11 Bow Saw
26:23 Town Watch
26:57 Forging
27:50 Gold Mining
31:45 Imperial Age
29:40 Ballistics
29:49 Chain Barding Armor
30:32 Iron Casting
30:10 Masonry
30:07 Squires
31:35 Gold Shaft Mining
31:29 Hand Cart
31:17 Fletching
31:30 Scale Mail Armor
31:45 Husbandry
31:06 Light Cavalry
31:55 Cavalier
33:37 Blast Furnace
33:13 Plate Barding Armor
33:49 Chemistry
33:40 Conscription
33:56 Paladin
34:46 Arson
35:20 Chain Mail Armor
35:01 Bodkin Arrow
36:01 Hoardings
36:08 Caravan
J0hnny
1:49 Loom
15:21 Feudal Age
19:47 Castle Age
17:42 Double-Bit Axe
17:49 Horse Collar
23:16 Bow Saw
24:54 Wheelbarrow
24:05 Town Watch
26:56 Heavy Plow
31:48 Imperial Age
30:42 Chemistry
30:44 Hand Cart
31:13 Caravan
31:36 Masonry
31:40 Fortified Wall
31:51 Ballistics
32:32 Fletching
32:03 Pikeman
33:36 Conscription
34:01 Bodkin Arrow
34:08 Padded Archer Armor
34:08 Scale Mail Armor
34:18 Forging
35:24 Masonry
35:20 Halberdier
36:28 Wagenburg Tactics
36:50 Bracer
37:23 Houfnice
38:19 Elite Hussite Wagon
39:48 Siege Engineers
39:40 Murder Holes
kiubi23cch
0:47 Loom
10:56 Feudal Age
18:59 Castle Age
16:47 Horse Collar
16:55 Double-Bit Axe
21:06 Redemption
22:36 Wheelbarrow
22:08 Heavy Plow
28:37 Imperial Age
27:10 Stone Mining
27:10 Gold Mining
28:00 Scale Mail Armor
28:10 Forging
28:35 Sanctity
28:30 Eagle Warrior
29:03 Capped Ram
30:17 Block Printing
31:14 Chain Mail Armor
32:09 Devotion
32:36 Illumination
34:44 Conscription
35:02 Iron Casting
37:17 Plate Mail Armor
39:11 Garland Wars
Connection lost

Rejoining the realm…

Still unreachable

The connection could not be restored.

Session expired

The server has moved on; the page needs a fresh start.